 Dungeon Crawl Stone Soup version 0.13.1-17-g0f9d4ff (webtiles) character file.

189 Kae the Chopper (level 4, -2/37 HPs)
             Began as a Hill Orc Death Knight on Dec 18, 2013.
             Was a Believer of Yredelemnul.
             Slain by a gnoll
             ... wielding a +0,+0 spear
              (6 damage)
             ... on Level 2 of the Dungeon.
             The game lasted 00:05:01 (2252 turns).

Kae the Chopper (Hill Orc Death Knight)             Turns: 2252, Time: 00:05:02

HP  -2/37        AC  3     Str 16      XL: 4   Next: 50%
MP   7/8         EV 10     Int 11      God: Yredelemnul [**....]
Gold 103         SH  0     Dex 10      Spells:  0 memorised,  3 levels left

Res.Fire  : . . .   See Invis. : .   a - +1,+2 orc hand axe {=f}
Res.Cold  : . . .   Warding    : .   b - +0 orc leather armour
Life Prot.: . . .   Conserve   : .   (no shield)
Res.Poison: .       Res.Corr.  : .   (no helmet)
Res.Elec. : .       Clarity    : .   (no cloak)
Sust.Abil.: . .     Spirit.Shd : .   (no gloves)
Res.Mut.  : .       Stasis     : .   (no boots)
Res.Rott. : .       Flight     : .   (no amulet)
Saprovore : + . .                    (no ring)
                                     (no ring)

@: slightly resistant to hostile enchantments, very unstealthy
A: saprovore 1
a: Animate Remains, Recall Undead Slaves, Injury Mirror, Renounce Religion


You were on level 2 of the Dungeon.
You worshipped Yredelemnul.
Yredelemnul was pleased with you.
You were not hungry.

You visited 1 branch of the dungeon, and saw 3 of its levels.

You collected 83 gold pieces.

Inventory:

Hand weapons
 a - a +1,+2 orcish hand axe (weapon) {=f}
Missiles
 d - 2 javelins of returning (quivered)
 g - 7 javelins
Armour
 b - a +0 orcish leather armour (worn)
Magical devices
 e - a wand of magic darts (0)
Comestibles
 c - 3 meat rations
 l - a banana
 m - a choko
Scrolls
 i - a scroll of identify
 j - 2 scrolls of remove curse
 k - a scroll of enchant weapon II
 n - a scroll of enchant armour {unknown}
Potions
 f - a potion of curing {unknown}
 p - 2 potions of restore abilities {unknown}


   Skills:
 - Level 2.4 Fighting
 * Level 5.1 Axes
 - Level 1.1 Armour
 - Level 0.7 Dodging
 + Level 4.9 Invocations


You had 3 spell levels left.
You didn't know any spells.

Dungeon Overview and Level Annotations

Branches:
Dungeon (3/27)

Altars:
Okawaru
Xom

Annotations:
D:3 Wutend's ghost, average MfSk


Innate Abilities, Weirdness & Mutations

You can tolerate rotten meat.


Message History

Your giant cockroach zombie misses the gnoll.
The gnoll hits you from afar with a spear.
The gnoll hits you with a spear. The gnoll misses you.
Your kobold zombie closely misses the gnoll.
You closely miss the gnoll.
The gnoll is heavily wounded.
Your hobgoblin zombie hits the gnoll.
Your giant cockroach zombie barely misses the gnoll.
The gnoll closely misses you. The gnoll hits you with a spear.
* * * LOW HITPOINT WARNING * * *
Your kobold zombie hits the gnoll.
The gnoll hits you from afar with a halberd!
* * * LOW HITPOINT WARNING * * *
You barely miss the gnoll.
The gnoll is almost dead.
Your giant cockroach zombie barely misses the gnoll.
Your hobgoblin zombie barely misses the gnoll.
The gnoll hits you with a spear.
You die...
Your body rises from the dead as a mindless zombie.

###.#.##.........#
#.
#.......^^^....#
#.
###.....^_^....#
#.
#......^^.#######.
#r..[%.........##.
#....####......###
#g.gz# #......#
#######gz..#
#......#
#......@z..#
#......#
#.......)..#
#......###
#..........#
#......#..
#.........##
###....#..
#.........#
#....#..
#.........#
#....#..
#.........#
#....#..
#######'###
#....#..
#####'#####
#....#..


You could see 3 gnolls, a rat, a friendly giant cockroach zombie, a friendly
hobgoblin zombie and a friendly kobold zombie.

Vanquished Creatures
  Jessica (D:2)
  A gnoll (D:2)
  An adder (D:2)
  A worm (D:2)
  2 oozes
  A ball python (D:1)
  5 bats
  3 giant cockroaches
  5 hobgoblins
  7 jackals
  4 goblins
  3 kobolds
  2 rats
36 creatures vanquished.

Vanquished Creatures (collateral kills)
  A goblin (D:1)
  A rat (D:1)
2 creatures vanquished.

Vanquished Creatures (others)
  A bat zombie (D:2)
  A human zombie (D:2)
  A jackal zombie (D:1)
3 creatures vanquished.

Grand Total: 41 creatures vanquished

Notes
Turn   | Place    | Note
--------------------------------------------------------------
     0 | D:1      | Kae, the Hill Orc Death Knight, began the quest for the Orb.
     0 | D:1      | Reached XP level 1. HP: 17/17 MP: 2/2
   266 | D:1      | Reached XP level 2. HP: 19/24 MP: 4/4
   371 | D:1      | Found an iron altar of Okawaru.
   378 | D:1      | Reached skill level 4 in Invocations
   697 | D:2      | Reached XP level 3. HP: 6/29 MP: 6/6
   951 | D:2      | Noticed Jessica
  1201 | D:2      | Killed Jessica
  1365 | D:2      | Found a shimmering altar of Xom.
  1371 | D:2      | Reached XP level 4. HP: 22/37 MP: 8/8
  1379 | D:2      | Acquired Yredelemnul's second power
  1670 | D:2      | Your ally Jessica died
  1688 | D:3      | Noticed Wutend's ghost (average MfSk)
  1707 | D:1      | Reached skill level 5 in Axes
  2252 | D:2      | Slain by a gnoll

Action                   |  1- 3 |  4- 6 || total
-------------------------+-------+-------++-------
Melee: Hand axe          |    75 |    46 ||   121
Throw: Javelin           |     2 |       ||     2
Invok: Animate Remains   |     3 |     4 ||     7
  Use: Scroll            |     5 |     1 ||     6
